 Dungeon Crawl Stone Soup version 0.26-a0-812-g31a745ddcd (webtiles) character file.

Game seed: 6361288903406584833

7 kae the Vexing (level 1, 0/11 HPs)
             Began as a Deep Elf Arcane Marksman on Nov 25, 2020.
             Slain by a goblin (3 damage)
             ... on level 1 of the Dungeon.
             The game lasted 00:00:28 (339 turns).

kae the Vexing (Deep Elf Arcane Marksman)            Turns: 339, Time: 00:00:29

Health: 0/11       AC:  3    Str:  7    XL:     1   Next: 83%
Magic:  4/5        EV: 13    Int: 17    God:
Gold:   20         SH:  0    Dex: 15    Spells: 2/3 levels left

rFire    . . .     SeeInvis .   b - +0 dagger
rCold    . . .     Faith    .   (no shield)
rNeg     . . .     Spirit   .   e - +0 robe
rPois    .         Reflect  .   (no helmet)
rElec    .         Harm     .   i - +0 cloak
rCorr    .         Rampage  .   (no gloves)
MR       .....                  (no boots)
Stlth    +.........             (no amulet)
HPRegen  0.03/turn              (no ring)
MPRegen  0.09/turn              (no ring)

@: no status effects
A: no striking features
a: no special abilities


You were on level 1 of the Dungeon.
You visited 1 branch of the dungeon, and saw 1 of its levels.

You collected 20 gold pieces.

Inventory:

Hand Weapons
 a - a +0 shortbow
 b - a +0 dagger (weapon)
Missiles
 d - 17 arrows
Armour
 e - a +0 robe (worn)
 i - a +0 cloak (worn)
Scrolls
 c - a scroll of amnesia {unknown}
 f - a scroll of remove curse {unknown}
 g - a scroll of noise {unknown}
 h - a scroll of teleportation {unknown}
 j - a scroll of identify {unknown}


   Skills:
 + Level 0.9 Fighting
 * Level 3.0 Bows
 + Level 2.5 Dodging
 + Level 1.7 Spellcasting
 + Level 4.1 Hexes


You had 2 spell levels left.
You knew the following spells:

 Your Spells              Type           Power        Failure   Level
a - Corona                Hex            ###....      3%          1

Your spell library contained the following spells:

 Spells                   Type           Power        Failure   Level
 Slow                     Hex            ###.....     5%          2
 Inner Flame              Hex/Fire       #.......     26%         3
 Portal Projectile        Hex/Tloc       #.....       26%         3
 Cause Fear               Hex            ###.......   36%         4
 Leda's Liquefaction      Hex/Erth       #.........   63%         4


Dungeon Overview and Level Annotations

Branches:
Dungeon (1/15)

Altars:


Message History

You closely miss the goblin. The goblin hits you.
You are too injured to fight recklessly!
You are too injured to fight recklessly!
Casting: Corona (safe; 3% risk of failure)
Confirm with . or Enter, or press ? or * to list all spells.
Aiming: Corona (safe; 3% risk of failure)
Press: ? - help, Shift-Dir - straight line, f - goblin
Aim: a goblin (chance to defeat MR: 69%)
The goblin is outlined in light.
The goblin closely misses you.
You hit the goblin.
The goblin is moderately wounded.
The goblin hits you.
* * * LOW HITPOINT WARNING * * *
You closely miss the goblin.
The goblin is moderately wounded.
The goblin barely misses you.
You hit the goblin.
The goblin is heavily wounded.
The goblin hits you.
You die...

...#####.# #.>#
#.# #..#####.#
......##.#########
.......#.........#
.......#.........#
.....#.#.........#
##.#.#.#.........#
...#...#........@#
########........g#
.................#
.......#.........#
...... ........#
...### #########
####


You could see a goblin (corona).

Vanquished Creatures
  A giant cockroach (D:1)
  2 goblins (D:1)
  A hobgoblin (D:1)
  A frilled lizard (D:1)
  A rat (D:1)
6 creatures vanquished.

Notes
Turn   | Place    | Note
-------+----------+-------------------------------------------
     0 | D:1      | kae the Deep Elf Arcane Marksman began the quest for the
                  | Orb.
     0 | D:1      | Reached XP level 1. HP: 11/11 MP: 5/5
   339 | D:1      | Slain by a goblin

Illustrated notes

Levels and vault maps discovered:
D:1:      elethiomel_arrival_maze, layout_basic, minmay_tetromino_i2

Skill      XL: |  1 |
---------------+----+-----
Bows           | 3 |  3.0
Fighting       | |  0.9
Dodging        | |  2.5
Spellcasting   | |  1.7
Hexes          | |  4.1

Action                   || total
-------------------------++-------
Melee: Dagger            ||    10
 Fire: Shortbow          ||    26
 Cast: Corona            ||     5
Armor: Robe              ||     3
Dodge: Dodged            ||    18

Table legend: (Time is in decaauts)
 A = Elapsed time spent in this place.
 B = Non-inter-level travel time spent in this place.
 C = Inter-level travel time spent in this place.
 D = Time resting spent in this place.
 E = Time spent auto-exploring this place.
 F = Levels seen in this place.
 G = Mean time per level.
                   A        B        C        D        E       F      G
               +--------+--------+--------+--------+--------+-----+--------+
         Total |    338 |    338 |      0 |      0 |    253 |   1 |  338.0 |
       Dungeon |    338 |    338 |      0 |      0 |    253 |   1 |  338.0 |
               +--------+--------+--------+--------+--------+-----+--------+

Top non-repeatable levels by time:
     D:1: 338 daAuts
